 Dungeon Crawl Stone Soup version 0.32-a0-791-gfc315c9ecd (webtiles) character file.

Game seed: 5423953467671282591

90 Facevaulter the Grave Robber (level 4, -2/35 HPs)
             Began as a Draconian Necromancer on Mar 21, 2024.
             Slain by Sigmund
             ... wielding a +0 scythe
              (7 damage)
             ... on level 2 of the Dungeon.
             The game lasted 00:04:02 (2125 turns).

Facevaulter the Grave Robber (DrNe)                 Turns: 2125, Time: 00:04:02

Health: -2/35      AC:  5    Str: 10    XL:     4   Next: 32%
Magic:  1/7        EV: 11    Int: 17    God:
Gold:   87         SH:  0    Dex: 12    Spells: 7/8 levels left

rFire   . . .        (no weapon)
rCold   . . .        (no shield)
rNeg    . . .        (body armour unavailable)
rPois   .            (helmet restricted)
rElec   .            (no cloak)
rCorr   .            (no gloves)
SInv    .            (no boots)
Will    .....        (no amulet)
Stlth   ++           b - +4 ring of slaying
HPRegen 0.25/turn    e - ring of wizardry
MPRegen 0.10/turn

%: wizardry (x1)
@: no status effects
A: AC +5, unfitting armour, cold-blooded
a: no special abilities


You were on level 2 of the Dungeon.
You visited 1 branch of the dungeon, and saw 2 of its levels.

You collected 87 gold pieces.

Inventory:

Jewellery
 b - a +4 ring of slaying (left hand)
 e - a ring of wizardry (right hand)
Scrolls
 a - a scroll of vulnerability {unknown}
 c - a scroll of teleportation {unknown}
 d - a scroll of identify {unknown}
 g - a scroll of immolation {unknown}
 h - a scroll of poison {unknown}
 l - a scroll of revelation {unknown}
 n - a scroll of fear {unknown}
 o - a scroll of torment {unknown}
 p - a scroll of noise {unknown}
 q - a scroll of acquirement {unknown}
Potions
 f - a potion of invisibility {unknown}
 i - 2 potions of resistance {unknown}
 j - 2 potions of mutation {unknown}
 k - a potion of curing {unknown}
 m - a potion of enlightenment {unknown}


   Skills:
 + Level 1.5 Fighting
 + Level 2.5 Dodging
 + Level 2.5 Stealth
 + Level 2.6 Spellcasting
 + Level 4.4 Necromancy


You had 7 spell levels left.
You knew the following spells:

 Your Spells              Type           Power      Damage    Failure   Level
a - Necrotise             Necr           68%        1d7       1%          1

Your spell library contained the following spells:

 Spells                   Type           Power      Damage    Failure   Level
 Vampiric Draining        Necr           17%        2d7       3%          3
 Animate Dead             Necr           17%        N/A       12%         4
 Curse of Agony           Necr           17%        N/A       32%         5


Dungeon Overview and Level Annotations

Branches:
Dungeon (2/15)

Altars:

Annotations:
D:2 Sigmund


Innate Abilities, Weirdness & Mutations

Your plain brown scales are hard. (AC +5)
You cannot fit into any form of body armour.
You are cold-blooded and may be slowed by cold attacks.


Message History

Sigmund writhes in agony.
Sigmund casts a spell at you. You resist with some effort.
Sigmund writhes in agony.
Sigmund casts a spell at you. The puff of flame hits you!
You are too injured to fight recklessly!
You are too injured to fight recklessly!
You are too injured to fight recklessly!
Casting: Necrotise (safe; 1% risk of failure)
Confirm with . or Enter, or press ? or * to list all spells.
Aiming: Necrotise (safe; 1% risk of failure)
Press: ? - help, Shift-Dir - straight line, f/p - Sigmund
Aim: Sigmund, wielding a +0 scythe and wearing a +2 robe of positive energy (moderately wounded, chance to affect: 81%) Sigmund writhes in agony.
Sigmund gestures wildly while chanting.
Sigmund flickers and vanishes!
Deactivating autopickup; reactivate with Ctrl-A.
Casting: Necrotise (safe; 1% risk of failure)
Confirm with . or Enter, or press ? or * to list all spells.
You can't see any susceptible monsters within range! (Use Z to cast anyway.) Unknown command.
Casting: Necrotise (safe; 1% risk of failure)
Confirm with . or Enter, or press ? or * to list all spells.
Aiming: Necrotise (safe; 1% risk of failure)
Press: ? - help, Shift-Dir - straight line Something writhes in agony.
Casting: Necrotise (safe; 1% risk of failure)
Confirm with . or Enter, or press ? or * to list all spells.
Aiming: Necrotise (safe; 1% risk of failure)
Press: ? - help, Shift-Dir - straight line Something writhes in agony.
Something hits you!
Casting: Necrotise (safe; 1% risk of failure)
Confirm with . or Enter, or press ? or * to list all spells.
You don't have enough magic to cast this spell.
You miss something.
Your tail-slap misses something.
Something hits you!
* * * LOW HITPOINT WARNING * * *
Unknown command.
Something hits you!
You die...

# #.##.##.# #.# #.#.##.##. #
#.......# #.## ##.#.##.### #
####.#### ###.## ##.##.##.# # #.#
#....###.....##'## #.#
#.###....#####...## ####.# #.#
##(#.# ##.....# # ##.##.#
#.###..#.###.......
####...#.######.##...#.##........
'...>...........@.{.....'........
####....#######.##...#.##........
# ##.#.# #.....>..###.......
###.# #####.#### ##.....# #.#
###...## ##...## #.# #......#
##'## #######.# #.#...## #.#
........# #.##.## #.# .###....#
#.#### ##.##


There were no monsters in sight!

Vanquished Creatures
  3 gnolls (D:2)
  A ribbon worm (D:2)
  3 dart slugs
  3 ball pythons (D:2)
  3 endoplasms (D:1)
  A giant cockroach (D:2)
  2 goblins
  7 hobgoblins (D:1)
  4 jackals (D:1)
  6 kobolds
  4 quokkas
  2 bats
  2 frilled lizards (D:1)
  9 rats
50 creatures vanquished.

Vanquished Creatures (collateral kills)
  A frilled lizard (D:2)
1 creature vanquished.

Grand Total: 51 creatures vanquished

Notes
Turn   | Place    | Note
-------+----------+-------------------------------------------
     0 | D:1      | Facevaulter the Draconian Necromancer began the quest for
                  | the Orb.
     0 | D:1      | Reached XP level 1. HP: 14/14 MP: 3/3
    72 | D:1      | Reached XP level 2. HP: 5/22 MP: 0/5
   467 | D:1      | Reached skill level 1 in Fighting
   604 | D:1      | Reached XP level 3. HP: 28/28 MP: 1/6
  1695 | D:2      | Reached XP level 4. HP: 32/35 MP: 2/7
  1777 | D:2      | Noticed Sigmund
  2125 | D:2      | Slain by Sigmund

Illustrated notes

Levels and vault maps discovered:
D:1:      giann_bridges, layout_basic, chequers_serial_rivers_micro_d,
          minmay_ruptured
D:2:      layout_loops_corners, uniq_sigmund

Skill      XL: |  1  2 |
---------------+-------+-----
Stealth        | 2 |  2.5
Dodging        | 2 |  2.5
Fighting       | 1 |  1.5
Spellcasting   | |  2.6
Necromancy     | |  4.4

Action                     |  1- 3 |  4- 6 || total
---------------------------+-------+-------++-------
  Melee: Unarmed           |    31 |     8 ||    39
         Tailslap          |     3 |     2 ||     5
         Punch             |     1 |     1 ||     2
   Cast: Necrotise         |    69 |    19 ||    88
    Use: Potion            |     1 |       ||     1
 Armour: Skin              |    20 |    23 ||    43
  Dodge: Dodged            |    41 |    14 ||    55

Table legend: (Time is in decaauts)
 A = Elapsed time spent in this place.
 B = Non-inter-level travel time spent in this place.
 C = Inter-level travel time spent in this place.
 D = Time resting spent in this place.
 E = Time spent auto-exploring this place.
 F = Levels seen in this place.
 G = Mean time per level.
                   A        B        C        D        E       F      G
               +--------+--------+--------+--------+--------+-----+--------+
         Total |   2127 |   2064 |     63 |    109 |   1603 |   2 | 1063.5 |
       Dungeon |   2127 |   2064 |     63 |    109 |   1603 |   2 | 1063.5 |
               +--------+--------+--------+--------+--------+-----+--------+

Top non-repeatable levels by time:
     D:1: 1294 daAuts
     D:2: 833 daAuts
